 Dungeon Crawl Stone Soup version 0.17.0-18-gaab0e96 (webtiles) character file.

8164 ventricule the Basher (level 11, -2/84 HPs)
             Began as a Demonspawn Chaos Knight on Nov 11, 2015.
             Slain by a minotaur
             ... wielding a +6 iron rod (1/9)
              (33 damage)
             ... in a labyrinth.
             The game lasted 00:39:04 (13416 turns).

ventricule the Basher (Demonspawn Chaos Knight)    Turns: 13416, Time: 00:39:09

Health: -2/84      AC: 17    Str: 16    XL:     11   Next: 6%
Magic:  0/11       EV: 15    Int:  8    God:    Xom [*.....]
Gold:   90         SH:  2    Dex: 17    Spells: 0 memorised, 10 levels left

rFire  + . .     SeeInvis .     q - +6 flail of Truth {speed, rElec rPois rF+ Int-2}
rCold  . . .     Clarity  .     y - +0 plate armour
rNeg   . . .     SustAt   .     (no shield)
rPois  +         Gourm    .     L - +0 hat of Lethargy {rElec MR+ Int-4}
rElec  +         Spirit   +     (no cloak)
rCorr  .         Warding  .     D - +0 pair of gloves
rMut   .         Stasis   .     Q - +0 pair of boots
MR     +....                    (no amulet)
Stlth  ..........               r - ring of invisibility
                                u - +3 ring of evasion

@: agile, very slightly contaminated, drained, somewhat resistant to hostile
enchantments, extremely unstealthy
A: hooves 2, large bone plates 1, demonic guardian 1, magic shield
a: Renounce Religion, Evoke Invisibility


You were in a labyrinth.
You worshipped Xom.
You were a special plaything of Xom.
You were hungry.

You visited 1 branch of the dungeon, and saw 11 of its levels.
You also visited: Labyrinth.

You collected 524 gold pieces.
You spent 434 gold pieces at shops.


Innate Abilities, Weirdness & Mutations

You have hoof-like feet.
You are partially covered in large bone plates (AC +2, SH +2).
A weak demonic guardian rushes to your aid.
When hurt, damage is shared between your health and your magic reserves.


   Skills:
 - Level 7.2(6.0) Fighting
 + Level 11.2(9.8) Maces & Flails
 + Level 7.7(6.4) Armour
 - Level 6.1(4.8) Dodging


You had 10 spell levels left.
You didn't know any spells.

Inventory:

Hand Weapons
 a - a +0 mace of chaos
 q - the +6 flail of Truth (weapon) {speed, rElec rPois rF+ Int-2} Attacks with this weapon are significantly faster. It affects your intelligence (-2). It protects you from fire. It insulates you from electricity. It protects you from poison.
 t - a +0 morningstar
 v - the +1 glaive "Vusy" {speed, rN+ Dex+2} Attacks with this weapon are significantly faster. It affects your dexterity (+2). It protects you from negative energy.
 T - a +3 dire flail
Missiles
 d - 2 javelins of penetration (quivered)
 x - 5 throwing nets {=f}
Armour
 b - a +2 leather armour
 e - a +1 chain mail
 y - a +0 plate armour (worn)
 D - a +0 pair of gloves (worn)
 H - a +2 robe of fire resistance
 L - the +0 hat of Lethargy (worn) {rElec MR+ Int-4}

   It affects your intelligence (-4).
   It insulates you from electricity.
   It affects your resistance to hostile enchantments.
 Q - a +0 pair of boots (worn)
Magical Staves
 S - an uncursed staff of energy {unknown}
Jewellery
 l - an uncursed ring of see invisible
 o - an uncursed ring of wizardry
 r - a ring of invisibility (right hand)
 s - a +2 ring of intelligence
 u - a +3 ring of evasion (left hand)
 w - an uncursed amulet of faith {!P}
 z - an uncursed ring of positive energy
 F - a -5 ring of dexterity
 M - an uncursed ring of stealth
 N - a -3 ring of slaying
Wands
 B - a wand of fire (0)
 E - a wand of lightning (3)
Scrolls
 h - 4 scrolls of remove curse
 A - 3 scrolls of enchant armour
 C - 5 scrolls of amnesia
 P - a scroll of recharging
Potions
 f - 2 potions of ambrosia {!q}
 j - 5 potions of flight
 m - 2 potions of curing {@q1}
 n - a potion of agility
 p - a potion of resistance
 G - 2 potions of brilliance
Books
 g - a book of Debilitation

   Spells                             Type                      Level
   a - Corona                         Hexes                        1
   b - Slow                           Hexes                        2
   c - Gell's Gravitas                Hexes/Translocation          3
   d - Inner Flame                    Hexes/Fire                   3
   e - Cause Fear                     Hexes                        4
   f - Leda's Liquefaction            Hexes/Earth                  4
 I - a book of Necromancy

   Spells                             Type                      Level
   a - Pain                           Necromancy                   1
   b - Animate Skeleton               Necromancy                   1
   c - Vampiric Draining              Necromancy                   3
   d - Regeneration                   Charms/Necromancy            3
   e - Animate Dead                   Necromancy                   4
   f - Control Undead                 Necromancy                   4
 J - a book of Frost

   Spells                             Type                      Level
   a - Freeze                         Ice                          1
   b - Throw Frost                    Conjuration/Ice              2
   c - Ozocubu's Armour               Charms/Ice                   3
   d - Throw Icicle                   Conjuration/Ice              4
   e - Summon Ice Beast               Ice/Summoning                4
   f - Condensation Shield            Ice                          4
Comestibles
 c - 6 bread rations
 k - 9 meat rations
 K - 6 royal jellies

Dungeon Overview and Level Annotations

Branches:
Dungeon (11/15)            Temple (0/1) D:6            Lair (0/8) D:9
    Orc: D:9-12

Altars:
Ru
Sif Muna
Xom
Yredelemnul
Zin

Shops:
D:4 :   D:6 ( D:9

* ▒. ▒ .▒ . . . ▒▒▒ ▒
▒ . ▒ . . .▒ ▒ . . ▒ ▒
▒▒▒.▒.▒▒▒▒▒▒▒.▒ . .▒..
##H.5W....▒
▒.▒▒▒▒▒.▒#▒▒▒'▒▒▒.▒▒▒▒
▒ . .. ▒.▒..H..▒
▒..... ▒.▒.▒▒▒
▒▒▒6▒▒▒...▒▒ ▒▒
....5▒≈...≈▒... . .. ▒
▒ ▒▒▒.5.▓≈≈<≈≈▓5 ▒
.▒.▒ .▒
▒..W▓≈≈≈≈≈▓...▒ ▒ ▒▒▒
▒▒▒.▓▓▓▓▓▓▓.. ▒ ▒
.....W....▒ ▒.▒ ▒▒▒
.▒.▒ ▒.▒...▒...▒ ▒.▒
▒▒▒▒▒▒▒.


You could see a minotaur (berserk), a hungry ghost and a friendly quasit.


Message History

Your quasit barely misses the minotaur. "This might be better!"
Your quasit evaporates and reforms as a shadow imp!
Your quasit bites the minotaur.
Your quasit barely misses the minotaur.
Your quasit claws the minotaur but does no damage.
Xom asks Qazlal to spice things up a little.
Your quasit bites the minotaur but does no damage.
Your quasit claws the minotaur.
Your quasit barely misses the minotaur.
A hungry ghost comes into view.
The hungry ghost hits you.
You are feeling hungry.
There is an open door here.
You hear a bellow!
Drink which item? (? for menu, Esc to quit)
Okay, then.
Read which item? (? for menu, Esc to quit)
Okay, then.
Evoke which item? (* to show all) (? for menu, Esc to quit)
Zapping:
E - a wand of lightning {zapped: 3} (will waste charges)
Aim: a hungry ghost You hear a mighty clap of thunder!
The bolt of lightning misses the minotaur.
The bolt of lightning hits the hungry ghost.
The hungry ghost is lightly damaged.
Evoking this partially-identified wand wasted a few charges.
Drink which item? (? for menu, Esc to quit)
You feel agile all of a sudden.
The minotaur hits you with an iron rod!!!
You die...
Xom bursts into laughter!

Action                   |  1- 3 |  4- 6 |  7- 9 | 10-12 || total
-------------------------+-------+-------+-------+-------++-------
Melee: Mace              |   122 |   238 |       |       ||   360
       Unarmed           |       |    28 |       |       ||    28
       Flail             |       |    52 |   516 |   339 ||   907
Throw: Javelin           |       |       |     4 |     1 ||     5
 Abil: Evoke Invisibilit |       |       |       |     2 ||     2
Evoke: Wand              |       |       |       |     3 ||     3
  Use: Scroll            |       |     6 |     8 |     4 ||    18
       Potion            |       |     3 |     4 |     5 ||    12
 Stab: Confused          |       |     2 |     1 |       ||     3
       Paralysed         |       |     1 |       |       ||     1
       Invisible         |       |       |     3 |     3 ||     6
       Sleeping          |       |       |     1 |     2 ||     3
  Eat: Chunk             |     3 |    10 |    15 |     7 ||    35
       Meat ration       |       |       |       |     1 ||     1
       Royal jelly       |       |       |       |     1 ||     1

Vault maps used:
D:1:      roderic_crop_circles_arrival_small, corexii_item_surrounded_by_moat,
          hangedman_decor_clover_reticule, st_stairs_5
D:2:      first_bread
D:3:      forest_paths
D:4:      lemuel_castle_with_subvaults, zin_statuary, serial_shops,
          kennysheep_mini
D:6:      minmay_temple_entry_statues_fountains, serial_shops,
          nicolae_shop_window_shopping, uniq_prince_ribbit1
D:7:      led_sif_pool
D:8:      david_nohive_1, uniq_erica, uniq_pikel
D:9:      nicolae_overflow_hidden_temple, lemuel_doored_altar,
          yredelemnul_forgotten_temple_becter, lair_0_dummy, serial_shops, shop,
          uniq_psyche
D:11:     enter_trove_0, basic_altar, lab_entry_generic, serial_shops,
          kennysheep_little_box, due_unseen_surprise, uniq_grum
Lab:      labyrinth_watery, labyrinth_glass_1, nicolae_lab_do_over,
          nicolae_lab_checkerboard, labyrinth_skeletal_remains,
          nicolae_lab_big_swirl, nicolae_lab_stuck, nicolae_lab_very_dead_end,
          nicolae_lab_x, nicolae_lab_grate_2

Notes
Turn   | Place    | Note
--------------------------------------------------------------
     0 | D:1      | ventricule the Demonspawn Chaos Knight began the quest for the Orb.
     0 | D:1      | Reached XP level 1. HP: 18/18 MP: 1/1
   254 | D:1      | Reached skill level 3 in Maces & Flails
   269 | D:1      | Gained mutation: A weak demonic guardian rushes to your aid. [demonic ancestry]
   269 | D:1      | Reached XP level 2. HP: 20/24 MP: 2/2
   309 | D:1      | XOM: harmless Summ miscast
   422 | D:1      | XOM: silly message
   716 | D:1      | XOM: noise
   996 | D:2      | Reached XP level 3. HP: 21/29 MP: 3/3
  1083 | D:2      | XOM: severe Necr miscast
  1233 | D:2      | Reached skill level 4 in Maces & Flails
  1234 | D:2      | XOM: 1-stop teleportation journey
  1304 | D:2      | XOM: mild Pois miscast
  1780 | D:2      | Reached XP level 4. HP: 14/35 MP: 4/4
  1899 | D:2      | XOM: divination: detect creatures
  2036 | D:2      | XOM: divination: detect items
  2379 | D:3      | Noticed a phantom
  2558 | D:3      | XOM: divination: magic mapping
  2614 | D:3      | Reached skill level 5 in Maces & Flails
  2626 | D:3      | XOM: harmless Ice miscast
  2629 | D:3      | XOM: butterfly on damage
  2829 | D:3      | XOM: divination: detect creatures
  2971 | D:3      | Gained mutation: When hurt, damage is shared between your health and your magic reserves. [demonic ancestry]
  2971 | D:3      | Reached XP level 5. HP: 35/41 MP: 5/5
  2994 | D:3      | XOM: cast spell 'Spider Form'
  3037 | D:3      | Killed a phantom
  3184 | D:3      | XOM: god gift: paperback book {god gift}
  3254 | D:3      | XOM: give mutations
  3254 | D:3      | Gained mutation: Your flesh is cold resistant. [Xom's mischief]
  3254 | D:3      | Gained mutation: Your body sometimes deteriorates upon taking damage. [Xom's mischief]
  3254 | D:3      | Lost mutation: Your flesh is cold resistant. [Xom's mischief]
  3254 | D:3      | Gained mutation: You are weak. (Str -2) [Xom's mischief]
  3548 | D:3      | Reached skill level 2 in Armour
  3549 | D:3      | XOM: butterfly on damage
  3553 | D:3      | XOM: noise
  3642 | D:4      | XOM: mild Ice miscast
  3771 | D:4      | Reached skill level 6 in Maces & Flails
  3899 | D:4      | Found Miutiug's Book Emporium.
  3923 | D:4      | Gained mutation: You have large cloven feet. [demonic ancestry]
  3923 | D:4      | Reached XP level 6. HP: 45/47 MP: 6/6
  4171 | D:4      | XOM: 6-stop teleportation journey
  4313 | D:4      | XOM: enchant monster (bad)
  4333 | D:4      | XOM: mild Ice miscast
  4437 | D:4      | XOM: god gift: 2 javelins of penetration
  4580 | D:4      | Got a crude flail
  4581 | D:4      | Identified the +6 flail of Truth {speed, rElec rPois rF+ Int-2} (You found it on level 4 of the Dungeon)
  4587 | D:4      | XOM: vitrification
  4666 | D:4      | XOM: noise
  4729 | D:4      | Found a glowing silver altar of Zin.
  4805 | D:4      | Noticed an ogre
  4840 | D:4      | Reached skill level 3 in Armour
  4881 | D:4      | XOM: potion effect (berserk rage)
  4882 | D:4      | XOM: confuse monster(s)
  4887 | D:4      | Killed an ogre
  4887 | D:4      | Reached XP level 7. HP: 52/52 MP: 7/7
  4936 | D:4      | XOM: god gift: jewelled glaive {god gift}
  4939 | D:4      | Got a jewelled glaive {god gift}
  4940 | D:4      | Identified the +1 glaive "Vusy" {speed, rN+ Dex+2} (Xom gifted it to you on level 4 of the Dungeon)
  5188 | D:4      | Reached skill level 7 in Maces & Flails
  5216 | D:4      | XOM: medium Pois miscast
  5252 | D:4      | Reached skill level 4 in Armour
  5327 | D:4      | XOM: potion effect (brilliance)
  6095 | D:5      | Entered Level 5 of the Dungeon
  6200 | D:5      | XOM: harmless Ice miscast
  6212 | D:5      | XOM: harmless Summ miscast
  6321 | D:5      | Gained mutation: You are partially covered in large bone plates (AC +2, SH +2). [demonic ancestry]
  6321 | D:5      | Reached XP level 8. HP: 58/58 MP: 8/8
  6334 | D:5      | XOM: harmless Conj miscast
  6382 | D:5      | Reached skill level 5 in Armour
  6810 | D:5      | XOM: summons 4 hostile demons
  7047 | D:5      | Identified a potion of resistance
  7088 | D:6      | Found a staircase to the Ecumenical Temple.
  7119 | D:6      | Reached skill level 8 in Maces & Flails
  7197 | D:6      | XOM: enchant monster (bad)
  7204 | D:6      | Noticed Prince Ribbit
  7268 | D:6      | Found Xeam's Antique Weapon Shop.
  7303 | D:6      | Reached skill level 6 in Armour
  7390 | D:6      | XOM: 8-stop teleportation journey
  7403 | D:6      | Killed Prince Ribbit
  7948 | D:6      | Reached skill level 9 in Maces & Flails
  7985 | D:6      | XOM: enchant monster (bad)
  7994 | D:6      | XOM: fog
  7996 | D:6      | Reached XP level 9. HP: 27/63 MP: 5/9
  8189 | D:6      | Reached skill level 7 in Armour
  8254 | D:6      | XOM: mild Pois miscast
  8344 | D:7      | XOM: mild Necr miscast
  8377 | D:7      | XOM: mild Necr miscast
  8445 | D:7      | Found a deep blue altar of Sif Muna.
  8744 | D:7      | XOM: 2-stop teleportation journey
  9023 | D:7      | Reached skill level 1 in Dodging
  9090 | D:7      | XOM: 1-stop teleportation journey
  9376 | D:7      | Reached skill level 2 in Dodging
  9480 | D:8      | Noticed Erica
  9480 | D:8      | Noticed Pikel
  9512 | D:8      | XOM: confusion (+ monsters)
  9528 | D:8      | XOM: mild Trmt miscast
  9546 | D:8      | XOM: silly message
  9559 | D:8      | XOM: blink monster(s)
  9563 | D:8      | Reached skill level 4 in Fighting
  9576 | D:8      | Reached skill level 10 in Maces & Flails
  9578 | D:8      | XOM: destruction
  9596 | D:8      | Killed Erica
  9596 | D:8      | Reached skill level 3 in Dodging
  9596 | D:8      | Reached XP level 10. HP: 25/73 MP: 3/10
  9756 | D:8      | XOM: give mutations
  9756 | D:8      | Gained mutation: Scrolls take you a little longer to read. [Xom's mischief]
  9756 | D:8      | Gained mutation: Armour fits poorly on your strangely shaped body. [Xom's mischief]
  9756 | D:8      | Gained mutation: You are clumsy. (Dex -2) [Xom's mischief]
  9813 | D:8      | XOM: 1-stop teleportation journey
  9980 | D:8      | Reached skill level 5 in Fighting
 10175 | D:7      | XOM: noise
 10188 | D:7      | Reached skill level 4 in Dodging
 10210 | D:7      | XOM: colour smoke trail
 10709 | D:8      | XOM: harmless Hex miscast
 10710 | D:8      | XOM: potion effect (heal wounds)
 10738 | D:8      | XOM: mild Fire miscast
 11040 | D:8      | XOM: god gift: 19 gold pieces
 11048 | D:8      | XOM: summons 10 friendly demons
 11397 | D:8      | Killed Pikel
 11397 | D:8      | Reached skill level 6 in Fighting
 11452 | D:9      | Identified a scroll of acquirement
 11454 | D:9      | Got a crude hat
 11460 | D:9      | Identified the +0 hat of Lethargy {rElec MR+ Int-4} (You acquired it on level 9 of the Dungeon)
 11635 | D:9      | Found a staircase to the Lair.
 11710 | D:9      | XOM: polymorph orc warrior -> brain worm
 11712 | D:9      | Reached skill level 5 in Dodging
 11853 | D:9      | Found a sacrificial altar of Ru.
 11870 | D:9      | Noticed Psyche
 11872 | D:9      | XOM: harmless Ice miscast
 11879 | D:9      | XOM: silly message
 11880 | D:9      | Killed Psyche
 11967 | D:9      | Found a shimmering altar of Xom.
 12003 | D:9      | XOM: cast spell 'Stoneskin'
 12024 | D:9      | XOM: mild Erth miscast
 12053 | D:9      | Found Bus Desm's General Store.
 12061 | D:9      | Bought a potion of cure mutation for 385 gold pieces
 12061 | D:9      | Lost mutation: You are weak. (Str -2) [potion of cure mutation]
 12061 | D:9      | Lost mutation: You are clumsy. (Dex -2) [potion of cure mutation]
 12061 | D:9      | Lost mutation: Your body sometimes deteriorates upon taking damage. [potion of cure mutation]
 12061 | D:9      | Lost mutation: Scrolls take you a little longer to read. [potion of cure mutation]
 12061 | D:9      | Lost mutation: Armour fits poorly on your strangely shaped body. [potion of cure mutation]
 12206 | D:9      | Found a basalt altar of Yredelemnul.
 12266 | D:10     | Entered Level 10 of the Dungeon
 12357 | D:9      | Bought a +0 pair of boots for 49 gold pieces
 12407 | D:10     | Reached skill level 11 in Maces & Flails
 12690 | D:10     | XOM: silly message
 12904 | D:10     | XOM: scenery: create altars
 12929 | D:10     | Reached skill level 7 in Fighting
 12974 | D:11     | Found a labyrinth entrance.
 12974 | D:11     | Noticed a hill giant
 12974 | D:11     | XOM: blink monster(s)
 12985 | D:11     | Noticed a seven-headed hydra
 12989 | D:11     | Noticed a cyclops
 13010 | D:10     | Gained mutation: You have hoof-like feet. [demonic ancestry]
 13010 | D:10     | Reached XP level 11. HP: 30/84 MP: 2/11
 13041 | D:10     | XOM: vitrification
 13119 | D:10     | Reached skill level 6 in Dodging
 13131 | D:11     | Noticed Grum
 13138 | D:10     | XOM: enchant monster (good)
 13161 | D:11     | Noticed an unseen horror
 13166 | D:10     | Killed Grum
 13177 | Lab      | Entered a labyrinth
 13365 | Lab      | Noticed a minotaur
 13370 | Lab      | XOM: draining
 13375 | Lab      | XOM: smoke on damage
 13400 | Lab      | XOM: mild Chrm miscast
 13407 | Lab      | XOM: polymorph quasit -> shadow imp
 13408 | Lab      | XOM: chaos cloud
 13416 | Lab      | Slain by a minotaur

Vanquished Creatures
  Erica (D:8)
  Pikel (D:8)
  A two-headed ogre (D:10)
  A queen bee (D:8)
  Prince Ribbit (D:6)
  A deep elf mage (D:10)
  2 hippogriffs
  An ice beast (D:10)
  3 slaves
  A phantom (D:7)
  3 orc warriors
  3 black bears
  An eye of draining (D:9)
  A necrophage (D:10)
  A centaur (D:8)
  3 ogres
  A crocodile (D:9)
  A gnoll sergeant (D:7)
  A brain worm (D:9)
  6 giant frogs
  A scorpion (D:9)
  17 killer bees
  3 wights (D:7)
  3 centaur zombies
  A giant frog zombie (D:6)
  3 crimson imps
  6 hounds
  4 iguanas
  A gnoll shaman (D:4)
  A jelly (D:9)
  4 orc priests
  3 centaur skeletons
  A giant frog skeleton (D:7)
  8 orc wizards
  2 sheep (D:10)
  8 worker ants
  2 hound skeletons
  A worker ant zombie (D:5)
  8 adders
  48 gnolls
  4 shadow imps
  An ooze (D:1)
  An adder zombie (D:7)
  4 worms
  5 giant geckos
  36 orcs
  7 giant cockroaches
  10 goblins
  9 hobgoblins
  5 kobolds
  6 quokkas
  A ball python (D:1)
  A ball python zombie (D:5)
  8 bats
  4 giant newts
  14 jackals (D:4)
  A jackal zombie (D:6)
  10 rats
  A spectral orc (D:9)
287 creatures vanquished.

Vanquished Creatures (collateral kills)
  Psyche (D:9)
  A hippogriff (D:9)
  2 wolves (D:10)
  Grum (D:10)
  A sky beast (D:8)
  2 phantoms
  A centaur (D:10)
  A giant frog (D:10)
  4 wights (D:10)
  A crimson imp (D:10)
  A jelly (D:10)
  An orc wizard (D:10)
  6 gnolls (D:4)
  7 orcs
  A bat (D:3)
  A hobgoblin (D:3)
  A giant newt (D:7)
33 creatures vanquished.

Vanquished Creatures (others)
  An orc wizard (D:8)
  2 orcs (D:8)
  A fire vortex (D:8)
4 creatures vanquished.

Grand Total: 324 creatures vanquished
